 Dungeon Crawl Stone Soup version 0.18.1-48-g4cf74bf (webtiles) character file.

142278 Inkary the Warrior (level 17, -5/115 HPs)
             Began as a Gargoyle Fighter on July 28, 2016.
             Was a High Priest of Makhleb.
             Slain by a spatial maelstrom (8 damage)
             ... on level 3 of the Abyss.
             The game lasted 02:01:04 (29053 turns).

Inkary the Warrior (Gargoyle Fighter)              Turns: 29053, Time: 02:01:06

Health: -5/115     AC: 40    Str: 20    XL:     17   Next: 35%
Magic:  25/25      EV:  8    Int: 15    God:    Makhleb [*****.]
Gold:   2888       SH: 19    Dex: 16    Spells: 2 memorised, 22 levels left

rFire  . . .     SeeInvis .     F - +3 flail (protect)
rCold  . . .     Gourm    .     Y - +1 plate armour {MR+}
rNeg   + . .     Faith    .     c - +0 shield
rPois  ∞         Spirit   .     B - +1 helmet {Int+3}
rElec  +         Dismiss  .     H - +1 cloak
rCorr  .         Reflect  +     (no gloves)
SustAt +         Harm     .     (no boots)
MR     ++...     Rnd*Rage +     n - +5 amulet of reflection
Stlth  ..........               L - ring of sustain attributes
                                P - +5 ring of dexterity

@: starving, very resistant to hostile enchantments, extremely unstealthy
A: big wings, berserk 2, blink, blurry vision 1, high mp 1, negative energy
resistance 1, electricity resistance, weak 1, unbreathing, petrification
resistance, no device heal 1, rot immunity, sturdy frame 1, AC +12
a: Fly, Blink, Minor Destruction, Lesser Servant of Makhleb, Major Destruction,
Greater Servant of Makhleb, Renounce Religion


You were on level 3 of the Abyss.
You worshipped Makhleb.
Makhleb was extremely pleased with you.
You were starving.

You visited 6 branches of the dungeon, and saw 28 of its levels.
You visited the Abyss 1 time.
You also visited: Bailey.

You collected 3041 gold pieces.
You spent 153 gold pieces at shops.

Inventory:

Hand Weapons
 F - a +3 flail of protection (weapon)
 X - a +1 mace of holy wrath
Missiles
 d - 13 tomahawks of returning (quivered)
Armour
 c - a +0 shield (worn)
 B - a +1 helmet of intelligence (worn)
 H - a +1 cloak (worn)
 N - a +1 troll leather armour
 S - an ice dragon hide
 Y - a +1 plate armour of magic resistance (worn)
Jewellery
 g - an uncursed ring of positive energy
 n - a +5 amulet of reflection (around neck)
 q - an uncursed ring of stealth {unknown}
 L - a ring of sustain attributes (right hand)
 P - a +5 ring of dexterity (left hand)
Wands
 e - a wand of lightning (8/15)
 y - a wand of teleportation (3/9)
 A - a wand of teleportation (2/9)
 E - a wand of iceblast (5/15)
 R - a wand of digging (16/24)
Scrolls
 a - 2 scrolls of enchant armour
 j - 2 scrolls of fog
 k - 9 scrolls of remove curse
 r - 4 scrolls of enchant weapon
 t - 4 scrolls of teleportation
 u - 3 scrolls of recharging
 v - a scroll of identify
 w - 4 scrolls of blinking
 D - a scroll of silence {unknown}
 G - 3 scrolls of fear
 K - 3 scrolls of summoning
Potions
 i - 3 potions of cancellation
 l - a potion of haste
 m - 9 potions of curing
 p - a potion of flight
 s - 5 potions of brilliance
 x - a potion of cure mutation
 J - 2 potions of berserk rage {unknown}
 T - 2 potions of agility
 W - 3 potions of lignification
 Z - 6 potions of might
Miscellaneous
 O - a plain deck of war {drawn: 1}
 V - a box of beasts {used: 1}
Comestibles
 b - 9 meat rations
 f - 17 bread rations
 h - 3 slices of pizza
 o - 16 royal jellies
 C - 6 beef jerkies
 I - 23 fruits


   Skills:
 + Level 15.8 Fighting
   Level 1.0 Short Blades
 - Level 14.0 Maces & Flails
 * Level 14.9 Armour
 - Level 15.7 Shields
 - Level 4.0 Spellcasting
 - Level 3.0 Hexes
 - Level 4.1 Translocations
 - Level 8.2 Invocations
 - Level 5.1 Evocations


You had 22 spell levels left.
You knew the following spells:

 Your Spells              Type           Power        Failure   Level  Hunger
a - Apportation           Tloc           ###.......   24%         1    None
b - Corona                Hex            ##.....      34%         1    None


Dungeon Overview and Level Annotations

Branches:
Dungeon (15/15)            Temple (1/1) D:6            Lair (8/8) D:8
  Swamp (1/4) Lair:5        Snake (0/4) Lair:3        Slime (0/6) Lair:6
    Orc (2/2) D:9             Elf (1/3) Orc:2        Vaults (0/5) D:13
 Depths (0/5) D:15

Altars:
Ashenzari
Cheibriados
Dithmenos
Elyvilon
Fedhas
Gozag
Kikubaaqudgha
Makhleb
Nemelex Xobeh
Okawaru
Pakellas
Qazlal
Ru
Sif Muna
Trog
Vehumet
Xom
Yredelemnul
Zin
The Shining One
Beogh
Lugonu

Shops:
D:10 *   D:13 (   D:15 =   Orc:2 *([:

Portals:
Hell: Lair:8

Annotations:
D:7 Prince Ribbit


Innate Abilities, Weirdness & Mutations

You are resistant to torment.
Your stone body is resilient (AC +12).
You are immune to poison.
Your large and strong wings let you fly indefinitely.
You resist negative energy.
You are resistant to electric shocks.
You can survive without breathing.
You are immune to petrification.
You are immune to rotting.
You often lose your temper in combat.
You can translocate small distances at will.
Scrolls take you a little longer to read.
You have an increased reservoir of magic (+10% MP).
You are weak. (Str -2)
Potions and wands are less effective at restoring your health.
Your movements are slightly less encumbered by armour (ER -2).


Message History

The spatial maelstrom hits you but does no damage.
Unknown command.
You block the sixfirhy's attack. x2
Your ufetubus hits the spatial maelstrom.
Your ufetubus barely misses the spatial maelstrom.
Your ynoxinul gestures.
The sixfirhy hits you but does no damage.
The chaos spawn gores you but does no damage.
The tentacled monstrosity barely misses your ynoxinul.
The tentacled monstrosity tentacle-slaps your ynoxinul!
The tentacled monstrosity tentacle-slaps your ynoxinul.
The tentacled monstrosity grabs your ynoxinul.
The tentacled monstrosity constricts your ynoxinul!
A demon appears!
You are starving!
You block the sixfirhy's attack. x2
The sixfirhy hits you but does no damage.
The spatial maelstrom hits you but does no damage.
The spatial maelstrom hits you!
You die...

#.X...##....... ..
.......#.....5....
#.
....#.X...#....# #
###..#3.5.# ....
#. #.....55#.....
##.3..5......#
#.#55.........#
#..v433..... ..
###..@...#.....
#.....#..v### [.#
....##.....# ....
##. .........$.. #
#............
#..........
##.....#...
##...###..


You could see a tentacled monstrosity, a spatial maelstrom, a spatial vortex, a
sixfirhy, a chaos spawn, a friendly smoke demon, a friendly neqoxec, a friendly
ynoxinul, a friendly crimson imp, a friendly white imp and 5 friendly ufetubi.

Vanquished Creatures
  Rupert (D:15)
  Maud (Lair:6)
  An orc warlord (Orc:1)
  A dire elephant (Lair:8)
  2 ice dragons (D:15)
  13 hydras
  6 centaur warriors
  2 alligators (Swamp:1)
  2 death yaks (Lair:7)
  A tengu warrior (D:14)
  Urug (D:12)
  A sun demon (Lair:8)
  3 orc high priests
  A wizard (D:15)
  A spriggan druid (Swamp:1)
  9 hill giants
  A necromancer (D:13)
  2 griffons
  8 ugly things
  6 orc knights
  4 deep elf magi
  3 orc sorcerers
  A wolf spider (D:14)
  3 manticores
  A manticore (shapeshifter) (D:15)
  Maurice (D:11)
  8 cyclopes
  49 elephants
  An octopode (shapeshifter) (D:14)
  A torpor snail (Lair:8)
  11 black mambas
  Psyche (D:7)
  A smoke demon (Lair:8)
  10 spiny frogs
  A gargoyle (D:5)
  An efreet (D:15)
  9 komodo dragons
  A kobold demonologist (D:12)
  4 tengu conjurers
  6 rime drakes
  4 ice devils (Lair:8)
  9 trolls
  A queen bee (D:10)
  A polar bear (Lair:6)
  4 two-headed ogres
  2 bog bodies (Swamp:1)
  A wolf spider simulacrum (D:15)
  14 blink frogs
  2 boulder beetles
  2 shadows
  Sigmund (D:5)
  11 wyverns
  Eustachio (D:4)
  2 wraiths
  56 yaks
  10 basilisks
  9 vampire mosquitoes
  16 hippogriffs
  A steam dragon (Lair:6)
  7 humans (D:7)
  3 swamp worms (Swamp:1)
  Edmund (D:7)
  A mottled dragon (D:13)
  3 wargs (Orc:2)
  A soldier ant (D:12)
  16 water moccasins
  6 porcupines
  A hell hound (Lair:8)
  3 eyes of draining
  35 orc warriors
  5 sky beasts
  A black bear (D:11)
  A wasp (D:9)
  2 ice beasts
  4 phantoms
  A necrophage (D:8)
  15 wolves
  15 ogres
  23 centaurs
  17 crocodiles
  A gnoll sergeant (D:10)
  A wyvern zombie (D:11)
  19 giant frogs
  A wyvern skeleton (D:9)
  A water moccasin zombie (D:5)
  A scorpion (D:8)
  A water moccasin skeleton (D:4)
  25 killer bees (D:10)
  A howler monkey (D:5)
  5 wights (D:8)
  3 electric eels (D:12)
  8 crimson imps
  A quasit (D:8)
  A centaur zombie (D:9)
  10 hounds
  9 jellies
  3 giant frog zombies
  17 orc priests
  23 orc wizards
  4 centaur skeletons
  5 hell rats (Lair:6)
  3 giant frog skeletons
  5 iguanas
  9 worker ants
  28 sheep
  Robin (D:4)
  2 worker ant zombies
  20 gnolls
  16 adders
  47 river rats
  3 shadow imps
  2 oozes
  An adder zombie (D:7)
  An adder skeleton (D:4)
  A worm (D:3)
  2 dart slugs
  2 giant geckos
  82 orcs
  7 giant cockroaches
  21 goblins
  14 hobgoblins
  22 jackals
  23 kobolds
  6 quokkas
  4 ball pythons
  8 bats
  6 giant newts
  7 rats
971 creatures vanquished.

Vanquished Creatures (collateral kills)
  An orc warlord (Orc:1)
  Snorg (Lair:8)
  A hydra (Lair:1)
  Fannar (Lair:1)
  A death yak (Lair:7)
  A thrashing horror (Abyss:2)
  A wizard (Lair:8)
  3 orc sorcerers (Orc:2)
  7 elephants
  2 smoke demons (Abyss:2)
  An orange demon (Lair:8)
  A spiny frog (Lair:8)
  A rime drake (Lair:8)
  A komodo dragon (Lair:1)
  A hellwing (Lair:8)
  2 red devils (Lair:8)
  3 blink frogs (Lair:8)
  3 wraiths (D:15)
  4 yaks
  2 hippogriffs
  2 water moccasins
  A hell hound (Lair:8)
  8 orc warriors
  A starcursed mass (Abyss:2)
  2 ogres
  A centaur (D:12)
  A wolf (Lair:1)
  A giant frog (Lair:6)
  2 orc wizards
  An iguana (Lair:4)
  3 sheep
  A river rat (Lair:4)
  4 orcs
66 creatures vanquished.

Vanquished Creatures (others)
  Nessos (D:12)
  The ghost of Heedrag the Devastator, a journeyman DECj of Vehumet (D:9)
  Josephine (D:15)
  A hydra (Lair:7)
  A centaur warrior (D:15)
  A death yak (Lair:7)
  An orc sorcerer (Orc:1)
  An orange demon (Lair:8)
  A water elemental (D:15)
  A yak (Lair:7)
  A swamp drake (Swamp:1)
  2 orc warriors
  4 centaurs
  An electric eel (D:15)
  A sheep (Lair:7)
  A ball lightning (Lair:7)
  An orc (Orc:1)
  5 kobolds (Bailey)
  50 fungi
  22 plants
98 creatures vanquished.

Grand Total: 1135 creatures vanquished

Notes
Turn   | Place    | Note
--------------------------------------------------------------
     0 | D:1      | Inkary the Gargoyle Fighter began the quest for the Orb.
     0 | D:1      | Reached XP level 1. HP: 14/14 MP: 1/1
   107 | D:1      | Reached XP level 2. HP: 19/19 MP: 2/2
   576 | D:1      | Reached XP level 3. HP: 17/23 MP: 3/3
   881 | D:2      | Reached XP level 4. HP: 15/28 MP: 4/4
  1146 | D:2      | Found a radiant altar of Vehumet.
  1507 | D:3      | Found a deep blue altar of Sif Muna.
  1653 | D:3      | Reached XP level 5. HP: 31/33 MP: 5/5
  1740 | D:3      | Found a sacrificial altar of Ru.
  2179 | D:4      | Noticed Robin
  2211 | D:4      | Killed Robin
  2270 | D:4      | Noticed an ogre
  2287 | D:4      | Killed an ogre
  2287 | D:4      | Reached XP level 6. HP: 14/39 MP: 6/6
  2575 | D:4      | Reached skill level 5 in Armour
  2575 | D:4      | Reached skill level 5 in Shields
  2630 | D:4      | Noticed Eustachio
  2664 | D:4      | Killed Eustachio
  2664 | D:4      | Reached skill level 5 in Fighting
  2664 | D:4      | Reached XP level 7. HP: 4/44 MP: 7/7
  3190 | D:4      | Found a glowing silver altar of Zin.
  3577 | D:4      | Reached XP level 8. HP: 41/51 MP: 8/8
  3629 | D:4      | Found a bloodstained altar of Trog.
  3806 | D:5      | Entered Level 5 of the Dungeon
  3812 | D:5      | Found a basalt altar of Yredelemnul.
  3916 | D:5      | Gained mutation: You have large cloven feet. [mutagenic meat]
  3917 | D:5      | Gained mutation: Your body sometimes deteriorates upon taking damage. [mutagenic meat]
  3918 | D:5      | Gained mutation: You tend to lose your temper in combat. [mutagenic meat]
  3919 | D:5      | Gained mutation: Your magical capacity is low (-10% MP). [mutagenic meat]
  3920 | D:5      | Gained mutation: You are dopey. (Int -2) [mutagenic meat]
  3923 | D:5      | Reached XP level 9. HP: 58/61 MP: 8/8
  3980 | D:5      | Found a shadowy altar of Dithmenos.
  4297 | D:5      | Noticed Sigmund
  4309 | D:5      | Killed Sigmund
  4362 | D:5      | Lost mutation: Your magical capacity is low (-10% MP). [mutagenic meat]
  4364 | D:5      | Gained mutation: You are clumsy. (Dex -2) [mutagenic meat]
  4365 | D:5      | Gained mutation: Your muscles are strong. (Str +2) [mutagenic meat]
  4489 | D:5      | Noticed a gargoyle
  4490 | D:5      | Killed a gargoyle
  5110 | D:6      | Found a staircase to the Ecumenical Temple.
  5222 | Temple   | Entered the Ecumenical Temple
  5254 | Temple   | Became a worshipper of Makhleb the Destroyer
  5437 | D:6      | Reached skill level 10 in Armour
  5452 | D:6      | Found a shimmering altar of Xom.
  5452 | D:6      | Found a shimmering altar of Xom.
  5452 | D:6      | Found a shimmering altar of Xom.
  5465 | D:6      | Found a shimmering altar of Xom.
  5470 | D:6      | Found a shimmering altar of Xom.
  5479 | D:6      | Found a shimmering altar of Xom.
  5557 | D:6      | Reached skill level 1 in Invocations
  5572 | D:6      | Found an iron altar of Okawaru.
  5930 | D:7      | Reached XP level 10. HP: 68/68 MP: 10/10
  6180 | D:7      | Noticed Psyche
  6180 | D:7      | Noticed Edmund
  6191 | D:7      | Reached * piety under Makhleb
  6191 | D:7      | Reached skill level 10 in Fighting
  6286 | D:7      | Killed Psyche
  6333 | D:7      | Killed Edmund
  6586 | D:7      | Noticed Prince Ribbit
  6781 | D:8      | Found a white marble altar of Elyvilon.
  6799 | D:8      | Reached ** piety under Makhleb
  6945 | D:8      | Found an oddly glowing altar of Pakellas.
  7057 | D:8      | Found a flagged portal.
  7082 | Bailey   | Entered a bailey
  7236 | Bailey   | Reached *** piety under Makhleb
  7295 | Bailey   | Got a crystal short sword
  7296 | Bailey   | Identified the +8 short sword "Ogre's Peril" {pierce, *Confuse Str+4 Int+4 Stlth+} (You found it in a bailey)
  7350 | D:8      | Found an opulent altar of Gozag.
  7479 | D:8      | Lost mutation: You have large cloven feet. [mutagenic meat]
  7480 | D:8      | Lost mutation: You tend to lose your temper in combat. [mutagenic meat]
  7481 | D:8      | Gained mutation: You are somewhat resistant to further mutation. [mutagenic meat]
  7631 | D:8      | Found a staircase to the Lair.
  7900 | D:9      | Found a staircase to the Orcish Mines.
  7909 | D:9      | Reached XP level 11. HP: 73/73 MP: 13/13
  7917 | D:9      | Reached skill level 1 in Short Blades
  8204 | D:9      | Found a roughly hewn altar of Beogh.
  8246 | D:9      | Reached **** piety under Makhleb
  8363 | D:9      | Found a blossoming altar of Fedhas.
  8370 | D:9      | Found a stormy altar of Qazlal.
  8394 | D:9      | Noticed Heedrag's ghost (journeyman DECj)
  8883 | D:9      | Killed Heedrag's ghost
  9056 | D:10     | Entered Level 10 of the Dungeon
  9181 | D:10     | Lost mutation: Your body sometimes deteriorates upon taking damage. [potion of cure mutation]
  9181 | D:10     | Lost mutation: Your muscles are strong. (Str +2) [potion of cure mutation]
  9181 | D:10     | Lost mutation: You are clumsy. (Dex -2) [potion of cure mutation]
  9182 | D:10     | Lost mutation: You are dopey. (Int -2) [potion of cure mutation]
  9182 | D:10     | Lost mutation: You are somewhat resistant to further mutation. [potion of cure mutation]
  9248 | D:10     | Reached skill level 5 in Invocations
  9291 | D:10     | Found Yruda's Elemental Accessories.
  9319 | D:10     | Noticed a hill giant
  9326 | D:10     | Killed a hill giant
  9334 | D:10     | Learned a level 1 spell: Apportation
  9336 | D:10     | Learned a level 1 spell: Corona
  9559 | D:10     | Reached skill level 1 in Hexes
  9562 | D:10     | Reached ***** piety under Makhleb
  9585 | D:10     | Reached skill level 1 in Translocations
  9603 | D:10     | Reached skill level 1 in Spellcasting
  9622 | D:10     | Reached skill level 10 in Shields
  9757 | D:10     | Noticed a hill giant
  9757 | D:10     | Noticed a hill giant
  9772 | D:10     | Killed a hill giant
  9779 | D:10     | Killed a hill giant
  9847 | D:11     | Noticed a cyclops
  9862 | D:11     | Killed a cyclops
  9868 | D:11     | Noticed a green ugly thing
  9881 | D:10     | Killed a green ugly thing
  9881 | D:10     | Reached XP level 12. HP: 40/80 MP: 2/16
  9892 | D:10     | Gained mutation: You have a pair of small horns on your head. [mutagenic meat]
  9893 | D:10     | Gained mutation: Your muscles are strong. (Str +2) [mutagenic meat]
  9955 | D:11     | Reached skill level 10 in Maces & Flails
  9955 | D:11     | Reached XP level 13. HP: 48/86 MP: 13/17
 10001 | D:11     | Noticed Maurice
 10097 | D:11     | Killed Maurice
 10399 | D:11     | Got a scorched ring mail
 10410 | D:11     | Identified the +1 ring mail "Goriof" {rPois Str+3 Slay-4} (You found it on level 11 of the Dungeon)
 10820 | D:12     | Noticed Nessos
 10831 | D:12     | Killed Nessos
 11398 | D:12     | Noticed Urug
 11412 | D:12     | Killed Urug
 11602 | D:12     | Gained mutation: Potions and wands are less effective at restoring your health. [mutagenic meat]
 11810 | Lair:1   | Entered Level 1 of the Lair of Beasts
 11922 | Lair:1   | Reached ****** piety under Makhleb
 12364 | Lair:1   | Noticed Fannar
 12388 | Lair:1   | Killed Fannar
 13118 | Lair:2   | Gained mutation: Your large and strong wings let you fly indefinitely. [Gargoyle growth]
 13118 | Lair:2   | Reached XP level 14. HP: 95/95 MP: 19/19
 13980 | Lair:3   | Reached skill level 1 in Evocations
 13995 | Lair:3   | Found a staircase to the Snake Pit.
 14170 | Lair:3   | Identified a scroll of acquirement
 14532 | Lair:3   | Got a steaming plate armour
 14543 | Lair:3   | Identified the +5 plate armour "Zewnok" {Stlth+} (You found it on level 3 of the Lair of Beasts)
 15361 | Lair:4   | Gained mutation: Your flesh is heat resistant. [potion of mutation]
 15361 | Lair:4   | Lost mutation: Your flesh is heat resistant. [potion of mutation]
 15361 | Lair:4   | Gained mutation: You are dopey. (Int -2) [potion of mutation]
 15362 | Lair:4   | Lost mutation: You are dopey. (Int -2) [potion of cure mutation]
 15362 | Lair:4   | Lost mutation: You have a pair of small horns on your head. [potion of cure mutation]
 15362 | Lair:4   | Lost mutation: Your muscles are strong. (Str +2) [potion of cure mutation]
 16146 | Lair:4   | You fall through a shaft for 3 floors!
 16259 | Lair:7   | Reached XP level 15. HP: 65/100 MP: 20/20
 16817 | Lair:6   | Found a staircase to the Slime Pits.
 17159 | Lair:5   | Got a spiked ring mail
 17183 | Lair:5   | Identified the cursed +0 ring mail of Loyw {rF+ MR- MP+9 Int+3} (You found it on level 5 of the Lair of Beasts)
 17395 | Lair:5   | Found a staircase to the Swamp.
 17944 | Lair:6   | Found a radiant altar of Vehumet.
 17968 | Lair:6   | Noticed Maud
 17988 | Lair:6   | Killed Maud
 19057 | Lair:8   | Entered Level 8 of the Lair of Beasts
 19243 | Lair:8   | Reached skill level 15 in Shields
 19605 | Lair:8   | Reached skill level 5 in Evocations
 19625 | Lair:8   | Reached XP level 16. HP: 58/106 MP: 21/21
 19750 | Lair:8   | Found a burning altar of Makhleb.
 20033 | Lair:8   | Found a gateway to Hell.
 20174 | Lair:8   | Noticed Snorg
 20184 | Lair:8   | Killed Snorg
 20794 | Orc:1    | Entered Level 1 of the Orcish Mines
 21239 | Orc:2    | Entered Level 2 of the Orcish Mines
 21379 | Orc:2    | HP: 4/106 [orc sorcerer/bolt of fire (42)]
 21384 | Orc:2    | HP: 3/106 [orc priest/divine providence[an orc warlord] (8)]
 21917 | Orc:2    | Found a roughly hewn altar of Beogh.
 22707 | Orc:2    | Found Lykeg's Book Emporium.
 22722 | Orc:2    | Found Kusisk's Antique Weapon Emporium.
 22729 | Orc:2    | Found Engy's General Store.
 22840 | Orc:2    | Found Lottat's Antique Armour Emporium.
 22849 | Orc:2    | Bought a glowing helmet for 153 gold pieces
 23117 | Orc:2    | Found a staircase to the Elven Halls.
 23263 | Elf:1    | Entered Level 1 of the Elven Halls
 24106 | Orc:1    | Paralysed by an orc sorcerer for 2 turns
 24987 | D:13     | Found a gate to the Vaults.
 25183 | D:13     | Found Taleicw's Weapon Shoppe.
 25561 | D:14     | Reached skill level 15 in Fighting
 25739 | D:14     | Gained mutation: You tend to lose your temper in combat. [mutagenic meat]
 25740 | D:14     | Gained mutation: You have an increased reservoir of magic (+10% MP). [mutagenic meat]
 25741 | D:14     | Gained mutation: You are weak. (Str -2) [mutagenic meat]
 26154 | D:14     | Gained mutation: Scrolls take you a little longer to read. [mutagenic meat]
 26156 | D:14     | Gained mutation: You can translocate small distances at will. [mutagenic meat]
 26158 | D:14     | Gained mutation: Your movements are slightly less encumbered by armour (ER -2). [mutagenic meat]
 26159 | D:14     | Gained mutation: You often lose your temper in combat. [mutagenic meat]
 26353 | D:15     | Entered Level 15 of the Dungeon
 26368 | D:15     | Found Hiss's Jewellery Shop.
 26368 | D:15     | Noticed Josephine
 26374 | D:15     | Reached XP level 17. HP: 100/113 MP: 25/25
 26378 | D:15     | Killed Josephine
 26381 | D:15     | Noticed Rupert
 26402 | D:15     | Killed Rupert
 26461 | D:15     | Found a burning altar of Makhleb.
 27483 | D:15     | Found a staircase to the Depths.
 28601 | Swamp:1  | Entered Level 1 of the Swamp
 28811 | Swamp:1  | Cast into level 2 of the Abyss (spriggan rider)
 29039 | Abyss:3  | Noticed a tentacled monstrosity
 29046 | Abyss:3  | HP: 5/115 [spatial maelstrom (7)]
 29053 | Abyss:3  | Slain by a spatial maelstrom

Skill      XL: |  1  2  3  4  5  6  7  8  9 10 11 12 13 14 15 16 17 |
---------------+----------------------------------------------------+-----
Armour         | 4 5 9 10 12 13 14 | 14.9
Shields        | 4 5 8 9 10 11 12 14 15 | 15.7
Fighting       | 4 5 9 10 11 12 13 14 15 | 15.8
Maces & Flails | 3 4 8 9 10 11 12 14 | 14.0
Invocations    | 1 3 5 7 8 |  8.2
Short Blades   | 1 |  1.0
Hexes          | 2 3 |  3.0
Translocations | 2 3 4 |  4.1
Spellcasting   | 2 3 4 |  4.0
Evocations     | 3 5 |  5.1

Action                   |  1- 3 |  4- 6 |  7- 9 | 10-12 | 13-15 | 16-18 || total
-------------------------+-------+-------+-------+-------+-------+-------++-------
Melee: Flail             |   162 |   196 |   264 |   318 |  1882 |   583 ||  3405
       Kick              |       |       |    30 |    98 |       |       ||   128
       Short sword       |       |       |       |   513 |    98 |       ||   611
       Headbutt          |       |       |       |     5 |   237 |       ||   242
       Staff             |       |       |       |       |     8 |       ||     8
       Eveningstar       |       |       |       |       |   319 |   714 ||  1033
Throw: Javelin           |       |    44 |    38 |    18 |       |       ||   100
       Tomahawk          |       |       |       |    26 |    14 |    15 ||    55
 Cast: Corona            |       |       |       |       |     5 |       ||     5
Invok: Lesser Servant of |       |       |       |     1 |    15 |    59 ||    75
       Major Destruction |       |       |       |     1 |       |       ||     1
 Abil: Stop Flying       |       |       |       |       |     1 |     1 ||     2
       Evoke Flight      |       |       |       |       |     1 |       ||     1
       Fly               |       |       |       |       |       |     1 ||     1
Evoke: Wand              |       |       |       |     3 |       |     4 ||     7
       Deck              |       |       |       |       |     1 |       ||     1
       Box of beasts     |       |       |       |       |     1 |       ||     1
  Use: Scroll            |       |    10 |     1 |    10 |     9 |     3 ||    33
       Potion            |       |     2 |     6 |    11 |     4 |     4 ||    27
 Stab: Invisible         |       |       |       |     3 |       |       ||     3
       Sleeping          |       |       |       |     2 |     1 |       ||     3
       Distracted        |       |       |       |       |     3 |     2 ||     5
  Eat: Chunk             |       |     6 |    19 |    22 |    34 |    40 ||   121
       Beef jerky        |       |       |     1 |       |       |     2 ||     3
       Royal jelly       |       |       |       |     1 |     1 |       ||     2
       Fruit             |       |       |       |       |     2 |     8 ||    10
Armor: Scale mail        |    88 |    43 |       |       |       |       ||   131
       Chain mail        |       |   111 |    94 |       |       |       ||   205
       Leather armour    |       |       |     8 |   168 |       |       ||   176
       Troll leather arm |       |       |       |    58 |   308 |    84 ||   450
       Plate armour      |       |       |       |       |  1023 |   504 ||  1527
Dodge: Dodged            |    54 |    56 |    39 |   203 |   594 |   231 ||  1177
Block: Shield            |   124 |   255 |   189 |   681 |  2389 |  1193 ||  4831
       Reflection        |       |     3 |    18 |    43 |    15 |    85 ||   164
